 Dungeon Crawl Stone Soup version 0.31.0-9-g3a7656b989 (webtiles) character file.

Game seed: 9083972753772804603

414 Gottschkopf the Shield-Bearer (level 6, -12/56 HPs)
             Began as a Minotaur Fighter on Jan 28, 2024.
             Was a Follower of Trog.
             Mangled by a two-headed ogre
             ... wielding a +0 giant club
              (25 damage)
             ... on level 4 of the Dungeon.
             The game lasted 00:06:45 (2307 turns).

Gottschkopf the Shield-Bearer (Minotaur Fighter)    Turns: 2307, Time: 00:06:46

Health: -12/56     AC:  8    Str: 23    XL:     6   Next: 60%
Magic:  5/5        EV:  9    Int:  5    God:    Trog [*.....]
Gold:   191        SH:  5    Dex:  9    Spells: 5/5 levels left

rFire   + . .        u - +2 dagger (freeze)
rCold   . . .        c - +0 buckler
rNeg    . . .        v - +0 scale mail {rF+}
rPois   .            (helmet restricted)
rElec   .            (no cloak)
rCorr   .            e - +0 pair of gloves
SInv    .            (no boots)
Will    ++...        m - amulet of regeneration Stlth
                     (no ring)
HPRegen 2.09/turn    (no ring)
MPRegen 0.09/turn

%: no passive effects
@: strong-willed, regenerating
A: horns 2, retaliatory headbutt
a: Renounce Religion, Berserk


You were on level 4 of the Dungeon.
You worshipped Trog.
Trog was aware of your devotion.
You visited 1 branch of the dungeon, and saw 4 of its levels.

You collected 191 gold pieces.

Inventory:

Hand Weapons
 g - a +0 short sword of speed
 u - a +2 dagger of freezing (weapon)
Missiles
 p - 3 throwing nets (quivered)
Armour
 b - an orb of wrath
 c - a +0 buckler (worn)
 e - a +0 pair of gloves (worn)
 q - a +0 helmet
 v - a +0 scale mail of fire resistance (worn)
Jewellery
 m - an amulet of regeneration (around neck)
Wands
 o - a wand of roots (7)
 s - a wand of polymorph (12)
Scrolls
 a - 2 scrolls of teleportation {unknown}
 f - a scroll of poison {unknown}
 j - 3 scrolls of identify
 k - a scroll of immolation
 r - a scroll of noise {unknown}
Potions
 d - a potion of might
 h - 2 potions of haste
 i - a potion of heal wounds
 l - a potion of magic
 n - a potion of curing
 t - a potion of brilliance


   Skills:
 + Level 5.5 Fighting
 + Level 1.8 Short Blades
 - Level 3.8 Maces & Flails
 + Level 5.5 Armour
 + Level 5.5 Shields


You had 5 spell levels left.
You didn't know any spells.
Your spell library contained the following spells:

 Spells                   Type           Power      Damage    Failure   Level
 Static Discharge         Conj/Air       0%         3-3/arc   92%         2
 Fugue of the Fallen      Necr           0%         N/A       99%         3
 Ozocubu's Armour         Ice            0%         N/A       99%         3
 Airstrike                Air            0%         2d(0-16)  100%        4
 Manifold Assault         Tloc           0%         N/A       100%        4
 Summon Lightning Spire   Summ/Air       0%         N/A       100%        4


Dungeon Overview and Level Annotations

Branches:
Dungeon (4/15)
 Temple: D:4-7

Altars:
Cheibriados
Gozag
Ru
Trog
Uskayaw
Wu Jian

Shops:
D:2 =

Annotations:
D:4 2 runed translucent doors


Innate Abilities, Weirdness & Mutations

You have a pair of horns on your head.
You reflexively headbutt those who attack you in melee.


Message History

An endoplasm comes into view.
The endoplasm freezes you.
You are frozen.
You see here a ball python corpse.
An endoplasm is nearby!
You hit the endoplasm. You freeze the endoplasm. You headbutt the endoplasm.
The endoplasm is heavily wounded.
The endoplasm barely misses you.
You hit the endoplasm. You freeze the endoplasm.
You kill the endoplasm!
Trog accepts your kill.
No target in view!
An orc comes into view. It is wielding a +0 hand axe.
The orc shouts!
The orc throws a boomerang.
The boomerang completely misses you.
An orc is nearby!
A two-headed ogre comes into view.
It is wielding a +0 giant club and a +0 giant spiked club.
Found a pair of gloves and a condenser vane.
The two-headed ogre shouts in stereo!
The orc throws a boomerang.
The boomerang hits you but does no damage.
You hit the two-headed ogre. You freeze the two-headed ogre.
Your headbutt misses the two-headed ogre.
The two-headed ogre is lightly wounded.
The two-headed ogre hits you with a +0 giant club!
You block the two-headed ogre's attack.
The orc throws a boomerang.
The boomerang closely misses you.
You barely miss the two-headed ogre.
The two-headed ogre is lightly wounded.
The two-headed ogre attacks as it pursues you!
The two-headed ogre hits you with a +0 giant club!!
The two-headed ogre barely misses you.
You are too injured to fight recklessly!
Your skin crawls.
You feel strong-willed.
You can no longer call upon Trog for regeneration and willpower.
The two-headed ogre hits you with a +0 giant club!
* * * LOW HITPOINT WARNING * * *
The two-headed ogre hits you with a +0 giant spiked club!!
You die...

.### ####.##.# ..#
##.##.# #.# #...#.#
#####.########...#†#
##................#.##
#....#.#########.....#
#..............'.....#
#..######..#####.....#
#.##...@##.# #.....#
###.####.#†####O#.#
#.....#
#........##.#...#.#
#.....#
..##++##.'.##.#.#.#
#.....# #8.
#####.##.#.# #.....#
#8. #}. [##.# #.#####
.#| ## # ..# .# .


You could see a two-headed ogre.

Vanquished Creatures
  A black bear (D:4)
  A scorpion (D:3)
  Terence (D:3)
  An iguana (D:4)
  An orc wizard (D:4)
  Ijyb (D:3)
  3 gnolls (D:3)
  5 adders
  A white imp (D:4)
  3 dart slugs
  2 ribbon worms
  7 orcs
  8 ball pythons
  5 endoplasms
  4 giant cockroaches (D:1)
  6 hobgoblins
  5 kobolds
  4 quokkas
  5 bats
  2 frilled lizards
  6 goblins
  3 rats
75 creatures vanquished.

Notes
Turn   | Place    | Note
-------+----------+-------------------------------------------
     0 | D:1      | Gottschkopf the Minotaur Fighter began the quest for the
                  | Orb.
     0 | D:1      | Reached XP level 1. HP: 19/19 MP: 0/0
    98 | D:1      | Reached XP level 2. HP: 27/27 MP: 1/1
   120 | D:1      | You fall into a shaft and drop 1 floor!
   388 | D:1      | Reached XP level 3. HP: 33/33 MP: 2/2
   710 | D:2      | Found Yphaux's Jewellery Boutique.
  1117 | D:3      | Reached XP level 4. HP: 41/41 MP: 3/3
  1119 | D:3      | Found a faded altar of an unknown god.
  1128 | D:3      | Found a bloodstained altar of Trog.
  1129 | D:3      | Prayed at the altar of an unknown god.
  1129 | D:3      | Became a worshipper of Trog the Wrathful
  1129 | D:3      | Reached * piety under Trog
  1142 | D:3      | Noticed Ijyb
  1148 | D:3      | Killed Ijyb
  1325 | D:3      | Reached XP level 5. HP: 44/47 MP: 4/4
  1338 | D:3      | Found a sacrificial altar of Ru.
  1352 | D:3      | Noticed Terence
  1360 | D:3      | Killed Terence
  1363 | D:3      | Reached skill level 5 in Fighting
  1363 | D:3      | Reached skill level 5 in Armour
  1363 | D:3      | Reached skill level 5 in Shields
  1586 | D:3      | Found a hide-covered altar of Uskayaw.
  1729 | D:3      | Found an opulent altar of Gozag.
  1943 | D:4      | Reached skill level 1 in Short Blades
  1943 | D:4      | Reached XP level 6. HP: 22/56 MP: 5/5
  1976 | D:4      | Found a snail-covered altar of Cheibriados.
  1985 | D:4      | Found an ornate altar of the Wu Jian Council.
  2285 | D:4      | Found a large runed translucent door.
  2285 | D:4      | Found a large runed translucent door.
  2294 | D:4      | Reached ** piety under Trog
  2303 | D:4      | Noticed a two-headed ogre
  2307 | D:4      | Mangled by a two-headed ogre

Illustrated notes

Levels and vault maps discovered:
D:1:      minmay_arrival_jagged, layout_rooms, chequers_serial_rivers_small_a
D:2:      layout_rooms, serial_shops, nicolae_shop_gaudy_bauble
D:3:      layout_basic, trog_three_pillars_becter, lemuel_tele_altar,
          nicolae_uskayaw_murder_on_the_dancefloor, lemuel_doored_altar,
          ebering_ecumenical_altar_abandoned, uniq_ijyb, uniq_terence
D:4:      layout_basic, amethyst_overflow_temple_binary,
          nicolae_concentric_dashed_squares_mild,
          hangedman_abyss_or_decor_stabs, minmay_misc_feat_enclosed,
          serial_park_tiny_2, minmay_hollow_rounded_squares,
          uniq_crazy_yiuf_cottage

Skill      XL: |  1  2  3  4  5 |
---------------+----------------+-----
Fighting       | 4 5 |  5.5
Armour         | 4 5 |  5.5
Shields        | 4 5 |  5.5
Maces & Flails | 3 |  3.8
Short Blades   | 1 |  1.8

Action                     |  1- 3 |  4- 6 || total
---------------------------+-------+-------++-------
  Melee: Flail             |    76 |    48 ||   124
         Short sword       |    40 |       ||    40
         Headbutt          |    13 |    15 ||    28
         Dagger            |       |    93 ||    93
 Invoke: Berserk           |       |     1 ||     1
         Trog's Hand       |       |     1 ||     1
    Use: Scroll            |       |     7 ||     7
 Armour: Scale mail        |   109 |   115 ||   224
  Dodge: Dodged            |    44 |    53 ||    97
  Block: Buckler           |    29 |    32 ||    61
